Map: [ESL] Inside and Out

Players

Clem - Winner!

  • Race: Terran Terran
  • Spawn Location: 1:00

MeomaikA

  • Race: Zerg Zerg
  • Spawn Location: 7:00

Event: DreamHack SC2 Masters 2022 Valencia

VOD

Have the link to the VOD?

Description

Time

  • Played on: July 1, 2022, 1:31 p.m.
  • Length: 6:32

All games in this series

Show
View Real Time Build Order
Export as new Build Order

Clem Terran - Winner!

Build Orders: Reaper Expand 

Get SALT Encoding   

  12  0:00  SCV  
  13  0:12  SCV  
  14  0:16  Supply Depot  
  14  0:24  SCV  
  15  0:38  SCV  
  15  0:39  Barracks  
  16  0:43  Refinery  
  16  0:50  SCV  
  17  1:02  SCV  
  18  1:14  SCV  
  19  1:26  Orbital Command, Reaper  
  20  1:39  Command Center  
  20  1:46  Supply Depot  
  20  1:52  SCV  
  21  1:58  Marine  
  22  2:04  SCV  
  22  2:09  Factory  
  22  2:14  Refinery  
  22  2:16  SCV  
  22  2:19  Barracks Reactor  
  23  2:28  SCV  
  24  2:40  SCV  
  25  2:51  Orbital Command  
  25  2:52  Factory Tech Lab  
  25  2:53  SCV  
  25  2:55  Marine  
  25  2:56  Marine  
  28  3:05  SCV  
  29  3:09  Barracks  
  29  3:11  Cyclone  
  32  3:13  Marine x2  
  32  3:17  SCV x2  
  36  3:21  Supply Depot  
  36  3:29  SCV x2  
  36  3:31  Marine x2  
  40  3:41  SCV x2  
  41  3:43  Siege Tank  
  41  3:46  Supply Depot  
  44  3:50  Marine x2  
  44  3:53  SCV x2  
  48  3:58  Barracks Tech Lab  
  48  4:05  SCV x2  
  48  4:08  Supply Depot, Marine x2  
  52  4:14  Starport  
  52  4:16  Marine, Stimpack  
  53  4:17  SCV x2  
  55  4:27  Marine x2  
  55  4:29  SCV x2, Factory Reactor  
  59  4:31  Supply Depot  
  59  4:34  Marine  
  60  4:41  SCV x2  
  60  4:45  Marine x2  
  64  4:52  Marine  
  55  4:53  SCV  
  55  4:54  SCV  
  55  5:03  Marine x2  
  55  5:05  Refinery, SCV, Supply Depot  
  55  5:06  Engineering Bay, SCV  
  59  5:10  Marine  
  59  5:14  Medivac x2  
  62  5:15  Siege Tank  
  62  5:18  SCV  
  62  5:19  Supply Depot  
  62  5:20  Marine  
  62  5:21  SCV  
  70  5:26  Refinery  
  70  5:27  Marine  
  70  5:28  Marine  
  71  5:30  SCV  
  71  5:33  SCV  
  73  5:38  Marine  
  73  5:42  SCV  
  75  5:45  SCV, Marine  
  75  5:46  Marine  
  78  5:51  Command Center  
  78  5:56  SCV, Marine  
  80  6:03  Marine  
  81  6:04  Barracks  
  81  6:05  Marine  
  85  6:15  SCV  
  85  6:16  SCV  
  88  6:25  Supply Depot  
Show
View Real Time Build Order
Export as new Build Order

MeomaikA Zerg 

Build Orders: Pool First 

Get SALT Encoding   

  12  0:00  Drone  
  13  0:08  Drone  
  14  0:16  Overlord  
  14  0:23  Drone, Extractor  
  15  0:34  Drone x2  
  17  0:44  Spawning Pool  
  17  0:47  Drone  
  17  1:07  Hatchery  
  17  1:09  Drone  
  17  1:11  Extractor  
  17  1:14  Drone  
  17  1:30  Zergling x4  
  17  1:31  Queen  
  21  1:37  Drone  
  22  1:47  Overlord  
  22  2:07  Queen  
  22  2:08  Drone  
  25  2:09  Drone  
  25  2:12  Metabolic Boost  
  26  2:18  Queen  
  26  2:20  Drone  
  29  2:24  Drone  
  31  2:30  Drone  
  31  2:31  Drone  
  32  2:39  Overlord  
  32  2:40  Drone  
  33  2:48  Lair  
  33  2:50  Drone  
  34  2:57  Drone  
  34  2:58  Drone x2  
  37  3:04  Drone  
  38  3:09  Zergling x4  
  40  3:13  Overlord  
  40  3:16  Zergling x6  
  43  3:26  Pneumatized Carapace  
  43  3:28  Drone  
  44  3:37  Zergling x4  
  44  3:38  Zergling x2  
  44  3:39  Zergling x4  
  49  3:48  Zergling x2  
  50  3:49  Zergling x2  
  50  3:52  Zergling x2, Hatchery  
  50  3:55  Zergling x2  
  51  4:03  Overlord  
  51  4:06  Extractor x2, Zergling x4  
  51  4:07  Overlord  
  51  4:08  Overlord  
  53  4:22  Overlord  
  53  4:23  Zergling x10  
  58  4:28  Zergling x2  
  58  4:30  Zergling x2  
  60  4:38  Zergling x4  
  56  4:48  Zergling x4  
  47  4:57  Queen, Drone  
  47  4:58  Drone  
  49  5:04  Drone  
  50  5:07  Drone, Queen x2  
  50  5:08  Evolution Chamber  
  50  5:09  Drone  
  50  5:10  Evolution Chamber  
  54  5:15  Drone  
  54  5:18  Drone  
  54  5:19  Drone  
  57  5:26  Drone  
  58  5:29  Drone  
  58  5:30  Drone  
  60  5:38  Drone  
  60  5:42  Drone x2  
  63  5:47  Drone  
  64  5:55  Drone x2  
  66  5:58  Drone  
  66  6:00  Hatchery  
  66  6:02  Drone x2  
  68  6:12  Drone  
  68  6:13  Drone  
  68  6:17  Drone x2  
  72  6:18  Extractor  
  72  6:19  Extractor  

Tags
 
Add a new tag
Caveats
  • Supply blocks, unpowered buildings, or Contaminate may cause inaccurate times.
  • Supply counts are checked every 10 seconds.